 Dungeon Crawl Stone Soup version 0.19-a0-1899-g2d93087 (webtiles) character file.

65 poirepourri the Insei (level 4, -1/28 HPs)
             Began as an Octopode Transmuter on Oct 19, 2016.
             Slain by Purgy (4 damage)
             ... in a sewer.
             The game lasted 00:03:04 (1835 turns).

poirepourri the Insei (Octopode Transmuter)         Turns: 1835, Time: 00:03:05

Health: -1/28      AC:  1    Str:  9    XL:     4   Next: 14%
Magic:  8/8        EV: 13    Int: 15    God:
Gold:   83         SH:  0    Dex: 13    Spells: 2 memorised, 5 levels left

rFire  . . .     SeeInvis .       - Unarmed
rCold  . . .     Gourm    .     (no shield)
rNeg   . . .     Faith    .     (helmet restricted)
rPois  .         Spirit   .     (no amulet)
rElec  .         Reflect  .     (no ring)
rCorr  .         Harm     .     (no ring)
MR     .....                    (no ring)
Stlth  ++........               (no ring)
                                (no ring)
                                (no ring)
                                (no ring)
                                (no ring)

@: no status effects
A: almost no armour, stealthy swim, amphibious, 8 rings, constrict 8, camouflage
1, gelatinous body 1
a: no special abilities


You were in a sewer.
You were full.

You visited 1 branch of the dungeon, and saw 3 of its levels.
You also visited: Sewer.

You collected 83 gold pieces.

Inventory:

Missiles
 a - 7 arrows
Jewellery
 m - a cursed ring of teleportation {unknown}
Wands
 l - a wand of disintegration (14/24)
Scrolls
 c - a scroll of blinking {unknown}
 h - a scroll of teleportation {unknown}
 i - a scroll of fear {unknown}
 j - 3 scrolls of identify {unknown}
 o - a scroll of amnesia {unknown}
 r - a scroll of enchant weapon {unknown}
Potions
 e - a potion of curing {unknown}
 k - a potion of ambrosia {unknown}
 n - a potion of might {unknown}
 q - 2 potions of invisibility {unknown}
Books
 b - a book of Changes

   Spells                             Type                      Level
   a - Beastly Appendage              Transmutation                1
   b - Sticks to Snakes               Transmutation                2
   c - Spider Form                    Transmutation/Poison         3
   d - Ice Form                       Ice/Transmutation            4
   e - Blade Hands                    Transmutation                5
Comestibles
 d - 4 beef jerkies
 f - a royal jelly
 g - 7 fruits
 p - 3 meat rations


   Skills:
 + Level 1.0 Fighting
 + Level 2.2 Dodging
 + Level 0.4 Stealth
 + Level 3.7 Unarmed Combat
 + Level 2.6 Spellcasting
 + Level 2.7 Transmutations


You had 5 spell levels left.
You knew the following spells:

 Your Spells              Type           Power        Failure   Level  Hunger
a - Beastly Appendage     Tmut           ##....       10%         1    #......
b - Sticks to Snakes      Tmut           ##......     12%         2    ##.....


Dungeon Overview and Level Annotations

Branches:
Dungeon (3/15)

Altars:
Dithmenos
Fedhas
Qazlal
Sif Muna
Trog
Zin

Annotations:
Sewer Purgy


Innate Abilities, Weirdness & Mutations

You cannot wear most types of armour.
You are very stealthy in the water. (Stealth+)
You are amphibious.
You can wear up to eight rings at the same time.
You can use your tentacles to constrict eight enemies at once.
Your skin changes colour to match your surroundings (Stealth+).
Your rubbery body absorbs attacks. (AC +1, EV +1)


Message History

Purgy the Meek comes into view.
Found 2 pink potions.
Purgy is nearby!
There is an open door here.
The helpless Purgy fails to defend himself.
You bludgeon Purgy!
Purgy is moderately wounded.
Purgy bites you! Purgy closely misses you. x2
You tentacle-slap Purgy.
Purgy is moderately wounded.
Purgy bites you. Purgy barely misses you. x2
You closely miss Purgy.
Purgy is moderately wounded.
Purgy barely misses you. Purgy claws you but does no damage. Purgy claws you.
You closely miss Purgy.
Purgy is moderately wounded.
Purgy bites you!
* * * LOW HITPOINT WARNING * * *
Purgy completely misses you. Purgy claws you.
You die...

###### ############ #.##!#
#.##.##.##.# #)##T#
#.##.##.##.#
#'##@##+##'##'##'##'#
#######...................#
≈≈≈≈≈≈#≈≈≈≈≈≈≈≈≈.≈≈≈≈≈≈≈≈≈#
≈≈≈≈≈≈#≈≈≈≈≈≈≈≈≈∩≈≈≈≈≈≈≈≈≈#
≈≈≈≈≈≈#≈≈≈≈≈≈≈≈≈.≈≈≈≈≈≈≈≈≈#
#######...................#
#'##'##'##.##'##'##)#
#.##.##(##.##.##†##.#
#.##.##.##∩##.##.##.#


You could see Purgy.

Vanquished Creatures
  Jessica (D:3)
  An orc (D:3)
  A giant cockroach (D:1)
  3 goblins
  4 hobgoblins
  8 kobolds
  4 bats
  3 frilled lizards
  3 rats
28 creatures vanquished.

Vanquished Creatures (collateral kills)
  An adder (D:2)
  A hobgoblin (D:2)
  A bat (D:3)
  A goblin (D:1)
  A rat (D:1)
5 creatures vanquished.

Vanquished Creatures (others)
  4 toadstools (D:1)
4 creatures vanquished.

Grand Total: 37 creatures vanquished

Notes
Turn   | Place    | Note
-------+----------+-------------------------------------------
     0 | D:1      | poirepourri the Octopode Transmuter began the quest for the Orb.
     0 | D:1      | Reached XP level 1. HP: 13/13 MP: 3/3
   302 | D:1      | Reached XP level 2. HP: 16/18 MP: 3/5
   430 | D:1      | Learned a level 2 spell: Sticks to Snakes
   922 | D:2      | Found a bloodstained altar of Trog.
   922 | D:2      | Found a deep blue altar of Sif Muna.
   924 | D:2      | Found a glowing silver altar of Zin.
   926 | D:2      | Found a stormy altar of Qazlal.
   927 | D:2      | Found a shadowy altar of Dithmenos.
  1162 | D:2      | Reached XP level 3. HP: 23/23 MP: 1/6
  1348 | D:2      | Found a blossoming altar of Fedhas.
  1575 | D:3      | Found a glowing drain.
  1642 | D:3      | Noticed Jessica
  1649 | D:3      | Killed Jessica
  1649 | D:3      | Reached XP level 4. HP: 24/28 MP: 5/7
  1718 | Sewer    | Entered a sewer
  1829 | Sewer    | Noticed Purgy
  1835 | Sewer    | Slain by Purgy

Vault maps used:
D:1:      ldierk_water_garden, minmay_unequal
D:2:      cheibrodos_helix_gallery, grunt_temple_overflow_open,
          fedhas_altar_fruit_tree
D:3:      portal_sewer_entry_e, uniq_jessica
Sewer:    kennysheep_door_sewer

Action                   |  1- 3 |  4- 6 || total
-------------------------+-------+-------++-------
Melee: Unarmed           |    50 |    13 ||    63
       Kick              |    12 |       ||    12
       Constrict         |    13 |     2 ||    15
       Tentacles         |     5 |       ||     5
       Punch             |     1 |       ||     1
 Cast: Beastly Appendage |    16 |       ||    16
       Sticks to Snakes  |    10 |     1 ||    11
  Use: Scroll            |     1 |       ||     1
 Stab: Sleeping          |     1 |     5 ||     6
  Eat: Meat ration       |     1 |       ||     1
       Bread ration      |     1 |       ||     1
Armor: Skin              |     7 |     2 ||     9
Dodge: Dodged            |    33 |    10 ||    43
